 Dungeon Crawl Stone Soup version 0.31-a0-841-g038b102fc3 (webtiles) character file.

Game seed: 12574595297792758632

429 Dirtsage the Chopper (level 6, -4/47 HPs)
             Began as a Demonspawn Berserker on Sept 27, 2023.
             Was a Believer of Trog.
             Slain by an ice beast (11 damage)
             ... on level 5 of the Dungeon.
             The game lasted 00:06:13 (3021 turns).

Dirtsage the Chopper (Demonspawn Berserker)         Turns: 3021, Time: 00:06:13

Health: -4/47      AC:  7    Str: 20    XL:     6   Next: 66%
Magic:  6/6        EV: 11    Int:  8    God:    Trog [**....]
Gold:   216        SH:  0    Dex: 12    Spells: 5/5 levels left

rFire   . . .        a - +1 hand axe
rCold   . . .        (no shield)
rNeg    . . .        h - +0 ring mail
rPois   .            (no helmet)
rElec   .            v - scarf {+Inv}
rCorr   .            (no gloves)
SInv    .            (no boots)
Will    .....        l - amulet of faith
Stlth   +            (no ring)
HPRegen 0.27/turn    (no ring)
MPRegen 0.10/turn

%: faith
@: on berserk cooldown, slowed, very slow
A: yellow scales 1, ignite blood 1
a: Renounce Religion, Evoke Invisibility, Berserk, Trog's Hand


You were on level 5 of the Dungeon.
You worshipped Trog.
Trog was pleased with you.
You visited 2 branches of the dungeon, and saw 6 of its levels.

You collected 216 gold pieces.

Inventory:

Hand Weapons
 a - a +1 hand axe (weapon)
Armour
 b - a +0 animal skin
 h - a +0 ring mail (worn)
 t - a +0 tower shield
 v - a scarf of invisibility (worn)
Jewellery
 l - an amulet of faith (around neck)
 u - a +6 ring of intelligence
Wands
 i - a wand of polymorph (12)
Scrolls
 c - 11 scrolls of identify {unknown}
 d - a scroll of enchant weapon
 g - a scroll of revelation {unknown}
 k - a scroll of enchant armour {unknown}
 n - a scroll of fog {unknown}
 s - a scroll of teleportation {unknown}
 w - a scroll of poison
Potions
 e - a potion of might {unknown}
 f - a potion of resistance {unknown}
 j - a potion of brilliance {unknown}
 m - a potion of degeneration {unknown}
 o - 2 potions of invisibility {unknown}
 p - a potion of attraction {unknown}
 q - a potion of curing
 r - a potion of berserk rage {unknown}


   Skills:
 - Level 3.0 Fighting
 + Level 7.0 Axes
 - Level 1.7 Armour
 - Level 1.7 Dodging


You had 5 spell levels left.
You didn't know any spells.
Your spell library contained the following spells:

 Spells                   Type           Power      Damage    Failure   Level
 Apportation              Tloc           0%         N/A       58%         1
 Necrotise                Necr           0%         1d4       58%         1
 Summon Small Mammal      Summ           0%         N/A       58%         1


Dungeon Overview and Level Annotations

Branches:
Dungeon (5/15)             Temple (1/1) D:4

Altars:
Ashenzari
Cheibriados
Dithmenos
Fedhas
Gozag
Makhleb
Nemelex Xobeh
Okawaru
Qazlal
Ru
Sif Muna
Trog
Uskayaw
Wu Jian
Yredelemnul


Innate Abilities, Weirdness & Mutations

You are partially covered in yellow scales. (AC +2)
Your demonic aura sometimes causes spilled blood to erupt in flames.


Message History

A phantom comes into view.
The scorpion barely misses you.
The ufetubus hits you but does no damage. x2
The ice beast hits you but does no damage.
The scorpion stings you.
You take 5 damage, and have 23/47 hp.
Okay, then.
As you read the scroll labelled LIB BIUTIRGHOFF, it crumbles to dust.
It is a scroll of enchant weapon.
Your +0 hand axe glows red for a moment.
The ufetubus closely misses you. The ufetubus barely misses you.
The scorpion stings you. The ice beast barely misses you.
The ufetubus hits you but does no damage.
The ufetubus closely misses you.
You take 5 damage, and have 18/47 hp.
Okay, then.
The air fills with toxic fumes!
As you read the scroll labelled RUOPTU PEENK, it crumbles to dust.
It was a scroll of poison.
The ufetubus hits you but does no damage.
The ufetubus misses you. The scorpion misses you.
The phantom hits you but does no damage.
The ice beast closely misses you.
The ufetubus hits you but does no damage.
The ufetubus closely misses you. The scorpion misses you.
The phantom hits you but does no damage.
The ice beast hits you. The ice beast freezes you!
* * * LOW HITPOINT WARNING * * *
You take 14 damage, and have 4/47 hp.
MASSIVE DAMAGE!!
It was a potion of curing.
You feel better.
q - a potion of curing;
f - a bubbling purple potion The ufetubus hits you but does no damage.
The ufetubus closely misses you. The scorpion closely misses you.
The ufetubus hits you.
* * * LOW HITPOINT WARNING * * *
The ufetubus hits you but does no damage.
The phantom barely misses you. The ice beast hits you.
* * * LOW HITPOINT WARNING * * *
The ice beast freezes you!
You die...

...........#
...........# §§§§§ .
.....<.....# ##§§§. ..
...........# #§§§§ .#
.###.....§.####§§§#
.###
#..#...§§§...§§§###§§§#
#.#####§§§§###§§§§§§#
#.. #§§§§§§§Y§§§§§# #.#
#.#§§§§s@5§§§§# #.
#.###§§W§§§§§§##.##
#§§§§§##§§§§§§§§..#
#§§§§.##§§§§§§§§..#
#§§§..##§§§§§§§§...
#§§...##§§§§§§§§...
###....§§§§§§§§§...
#.####§§§§§§§§... ..
#..$........


You could see an ice beast, a phantom, a scorpion and an ufetubus.

Vanquished Creatures
  An ice beast (D:5)
  2 scorpions (D:4)
  A howler monkey (D:5)
  A hound (D:5)
  A jelly (D:4)
  An orc priest (D:3)
  2 adders
  An ufetubus (D:4)
  A worm (D:3)
  5 dart slugs
  7 orcs
  6 endoplasms
  2 giant cockroaches
  3 goblins (D:1)
  3 hobgoblins (D:1)
  3 jackals (D:1)
  4 ball pythons
  4 bats
  3 frilled lizards
  9 kobolds
  4 rats
64 creatures vanquished.

Notes
Turn   | Place    | Note
-------+----------+-------------------------------------------
     0 | D:1      | Dirtsage the Demonspawn Berserker began the quest for the
                  | Orb.
     0 | D:1      | Reached XP level 1. HP: 18/18 MP: 1/1
   119 | D:1      | Reached skill level 3 in Axes
   230 | D:1      | Gained mutation: Your demonic aura sometimes causes spilled
                  | blood to erupt in flames. [demonic ancestry]
   230 | D:1      | Reached XP level 2. HP: 19/24 MP: 2/2
   731 | D:2      | Reached XP level 3. HP: 29/29 MP: 3/3
   754 | D:2      | Found Pastrep's Distillery.
   810 | D:2      | You fall into a shaft and drop 2 floors!
   832 | D:4      | Noticed a scorpion
   844 | D:4      | Killed a scorpion
   845 | D:4      | Reached skill level 4 in Axes
   845 | D:4      | Reached XP level 4. HP: 31/35 MP: 4/4
   994 | D:2      | Found a burning altar of Makhleb.
  1008 | D:2      | Reached ** piety under Trog
  1187 | D:2      | Found a faded altar of an unknown god.
  1197 | D:2      | Reached skill level 5 in Axes
  1908 | D:3      | Gained mutation: You are partially covered in yellow
                  | scales. (AC +2) [demonic ancestry]
  1908 | D:3      | Reached XP level 5. HP: 41/41 MP: 5/5
  1952 | D:3      | Found a stormy altar of Qazlal.
  1953 | D:3      | Found an iron altar of Okawaru.
  1959 | D:3      | Found a sparkling altar of Nemelex Xobeh.
  1962 | D:3      | Found an opulent altar of Gozag.
  1964 | D:3      | Found a bloodstained altar of Trog.
  1969 | D:3      | Found a hide-covered altar of Uskayaw.
  2463 | D:4      | Reached skill level 6 in Axes
  2614 | D:4      | Found a staircase to the Ecumenical Temple.
  2624 | D:4      | Reached XP level 6. HP: 27/47 MP: 6/6
  2846 | Temple   | Entered the Ecumenical Temple
  2928 | D:5      | Entered Level 5 of the Dungeon
  2994 | D:5      | Noticed an ice beast
  3004 | D:5      | Killed an ice beast
  3009 | D:5      | Reached skill level 7 in Axes
  3016 | D:5      | Noticed an ice beast
  3021 | D:5      | Slain by an ice beast

Illustrated notes

Levels and vault maps discovered:
D:1:      minmay_arrival_cross, layout_basic, nicolae_figureground_pulse
D:2:      layout_basic, serial_shops, shop, nicolae_ecumenical_snake_handling,
          basic_altar
D:3:      layout_rooms, nicolae_overflow_hallway_of_the_gods
D:4:      layout_rooms, minmay_temple_entry_stoned_glass
D:5:      layout_rooms, minmay_strange_pillars
Temple:   minmay_freezing_vapour_temple

Skill      XL: |  1  2  3  4  5  6 |
---------------+-------------------+-----
Axes           | 3 4 5 6 7 |  7.0
Fighting       | |  3.0
Armour         | |  1.7
Dodging        | |  1.7

Action                     |  1- 3 |  4- 6 || total
---------------------------+-------+-------++-------
  Melee: Hand axe          |    78 |   141 ||   219
         Punch             |       |     2 ||     2
 Invoke: Berserk           |     2 |     4 ||     6
    Use: Scroll            |       |     2 ||     2
         Potion            |       |     1 ||     1
 Armour: Animal skin       |    35 |       ||    35
         Ring mail         |    16 |   122 ||   138
  Dodge: Dodged            |    60 |    98 ||   158

Table legend: (Time is in decaauts)
 A = Elapsed time spent in this place.
 B = Non-inter-level travel time spent in this place.
 C = Inter-level travel time spent in this place.
 D = Time resting spent in this place.
 E = Time spent auto-exploring this place.
 F = Levels seen in this place.
 G = Mean time per level.
                   A        B        C        D        E       F      G
               +--------+--------+--------+--------+--------+-----+--------+
         Total |   3080 |   2941 |    139 |    291 |   2159 |   6 |  513.3 |
       Dungeon |   3079 |   2940 |    139 |    291 |   2159 |   5 |  615.8 |
        Temple |      1 |      1 |      0 |      0 |      0 |   1 |    1.0 |
               +--------+--------+--------+--------+--------+-----+--------+

Top non-repeatable levels by time:
     D:2: 920 daAuts
     D:4: 778 daAuts
     D:1: 731 daAuts
     D:3: 553 daAuts
     D:5: 94 daAuts
  Temple: 1 daAuts
